[Event "*** Titled Tuesday Blitz"]
[Site "Chess.com"]
[Date "2021.04.27"]
[Round "2"]
[White "KononenkoD"]
[Black "tapu2"]
[Result "0-1"]
[WhiteElo "2508"]
[BlackElo "2726"]
[TimeControl "180+1"]
[EndTime "10:19:03 PDT"]
[Termination "tapu2 won by resignation"]

1. d4 Nf6 2. c4 e6 3. g3 d5 4.
Nf3 Bb4+ 5. Bd2 a5 6. Bg2 O-O 7. O-O dxc4 8. Qc2 Bxd2 9. Nbxd2 b5 10. a4 c6 11. Ne5 Nd5 12. e4 Nb4 13. Qc3 f6 14. Nef3 Ba6 15. Rfd1 Nd7 16. b3 cxb3 17. Nxb3 bxa4 18. Rxa4 Bb5 19. Raa1 Be2 20. Re1 Bxf3 21. Bxf3 Qb6 22. Reb1 Rfb8 23. Bg4 Kf7 24. Qc4 Re8 25. Nxa5 Rxa5 26. Rxa5 Qxa5 27. Qxb4 Qxb4 28. Rxb4 Ke7 29. Rb7 Kd6 30. Kg2 Rb8 31. Ra7 Rb4 32. e5+ fxe5 33. dxe5+ Nxe5 34. Be2 Rb2 35. Bd1 Nd3 36. Rxg7 Nxf2 37. Bf3 Ng4+ 38. Kh3 Nf6 39. Rf7 Ke5 40. Bxc6 h5 41. Bf3 Rf2 42. Bxh5 Rd2 43. Bf3 Kf5 44. Bg4+ Kg6 45. Bxe6 Ne4 46. Rf4 Ng5+ 47. Kg4 Nxe6 48. h4 Nxf4 49. gxf4 Kf6 50. h5 Rg2+ 51. Kh4 Rg8 52. h6 Kg6 53. Kg4 Kxh6+ 54. Kf5 Rf8+ 55. Ke5 Kg6 56. f5+ Rxf5+ 57. Ke6 Kg5 0-1

[Event "*** Titled Tuesday Blitz"]
[Site "Chess.com"]
[Date "2021.04.27"]
[Round "2"]
[White "BursaBBSatranc"]
[Black "Bigfish1995"]
[Result "0-1"]
[WhiteElo "2603"]
[BlackElo "2988"]
[TimeControl "180+1"]
[EndTime "10:19:07 PDT"]
[Termination "Bigfish1995 won by resignation"]

1. d4 Nf6 2. Nf3 g6 3. Bf4 Bg7 4. e3 O-O 5. h3 c5 6. c3 Qb6 7. Qb3 d6 8. Nbd2 Be6 9. Qxb6 axb6 10. a3 Nc6 11. Bd3 Rfc8 12. O-O Na5 13. Rac1 Nb3 14. Nxb3 Bxb3 15. e4 Nd7 16. Bg3 Ba4 17. Rfe1 Bh6 18.
Ra1 cxd4 19. cxd4 Bc2 20. Bb5 Nf6 21. e5 dxe5 22. Bxe5 Nd5 23. g4 Ba4 24. Bd3 Bc6 25. g5 Bg7 26. Bxg7 Kxg7 27. Be4 e6 28. Rac1 Ne7 29. Bxc6 bxc6 30. Ne5 Ra4 31. Red1 Ra5 32. Rc4 Rd5 33. Rdc1 c5 34. Nf3 Nf5 35. dxc5 bxc5 36.
b4 Ra8 37. bxc5 Rxa3 38. R1c3 Ra1+ 39. Kg2 Ra2 40. Rc2 Ra7 41. c6 Rc7 42. Rb2 Ne7 43.
Rbc2 h6 44. Nd4 Rxg5+ 45. Kf1 Rd5 46. Nf3 Kf6 47. Nd2 Kg7 48. Ne4 f5 49. Nc5 Rxc6 50. Nb3 Rxc4 51. Rxc4 Kf6 52. Rc6 Nxc6 0-1

[Event "*** Titled Tuesday Blitz"]
[Site "Chess.com"]
[Date "2021.04.27"]
[Round "2"]
[White "starplatinum2030"]
[Black "Gusarov91"]
[Result "0-1"]
[WhiteElo "2298"]
[BlackElo "2609"]
[TimeControl "180+1"]
[EndTime "10:19:07 PDT"]
[Termination "Gusarov91 won on time"]

1. Nf3 c6 2. b3 d5 3. Bb2 Nf6 4.
e3 Bg4 5. Be2 Nbd7 6. d4 e6 7. O-O h6 8. Nbd2 Bd6 9. h3 Bh5 10.
c4 O-O 11. Ne5 Bxe2 12. Qxe2 a5 13. a3 c5 14. Nxd7 Qxd7 15. dxc5 Bxc5 16. Bxf6 gxf6 17.
Qg4+ Kh7 18. Qh4 Be7 19. Rfd1 f5 20. Qd4 Rad8 21. Nf3 Qc8 22. cxd5 Rxd5 23. Qf4 Rfd8 24. Rxd5 Rxd5 25. Rf1 Bxa3 26. e4 Bd6 27. Qh4 fxe4 28.
Qxe4+ Kg8 29. Qg4+ Kh8 30. Qh4 Qf8 31. Rc1 Be7 32. Qf4 Rf5 33. Qe4 b6 34. g4 Rc5 35. Rd1 Bf6 36. Qf4 Kg7 37. Rd7 Qe8 38. Rb7 Qc6 39. Ra7 Rc1+ 40. Kh2 Rc5 41. h4 e5 42. Qe3 Rc3 43. Nxe5 Qd5 44. Rxf7+ Kg8 45. Rf8+ Kxf8 46. Qxh6+ Ke7 47. Ng6+ Kd6 48. Nf4 Qe5 49. Kg2 Kc7 50. g5 Qxf4 0-1

[Event "*** Titled Tuesday Blitz"]
[Site "Chess.com"]
[Date "2021.04.27"]
[Round "2"]
[White "NateSolon"]
[Black "harlem4brew"]
[Result "1-0"]
[WhiteElo "2651"]
[BlackElo "2371"]
[TimeControl "180+1"]
[EndTime "10:19:08 PDT"]
[Termination "NateSolon won by resignation"]

1. d4 Nf6 2. c4 d5 3. cxd5 Nxd5 4. e4 Nb6 5. Nf3 g6 6. Be2 Bg7 7. O-O O-O 8. Nc3 c6 9. h3 N8d7 10. Bf4 h6 11. Qd2 g5 12. Bg3 Qe8 13. Rad1 e5 14. Rfe1 exd4 15. Nxd4 Ne5 16. b3 Qe7 17. f4 gxf4 18.
Bxf4 Rd8 19. Qe3 Rd6 20. Kh1 Bd7 21. Nf5 Bxf5 22. exf5 Rxd1 23. Bxd1 Re8 24. Bxh6 Qf6 25. Bxg7 Kxg7 26. Bc2 Re7 27. Qg3+ Kf8 28. Rd1 Ned7 29.
Qf3 Qe5 30. Ne4 Nd5 31. Bb1 N7f6 32. Nxf6 Qxf6 33. Bd3 Re3 34. Qf2 Re5 35. Re1 b6 36. Kh2 Nb4 37. Bb1 Rxe1 38. Qxe1 Nd5 39. Qg3 Ne7 40.
Qf4 Nd5 41. Qf3 Qe5+ 42. Qg3 Qb2 43. Be4 Qxa2 44. Bxd5 cxd5 45. f6 Qb2 46. Qd6+ Kg8 47. Qd8+ Kh7 48. Qe7 Kg6 49. Qxa7 Qxf6 50. Qd7 Qe6 51. Qc7 d4 52. Qg3+ Kh7 53. Qd3+ Kg7 54. Qxd4+ f6 55. Qc4 Qe4 56. Qxe4 1-0

[Event "*** Titled Tuesday Blitz"]
[Site "Chess.com"]
[Date "2021.04.27"]
[Round "2"]
[White "Julianos82"]
[Black "Alexander_Moskalenko"]
[Result "0-1"]
[WhiteElo "2324"]
[BlackElo "2753"]
[TimeControl "180+1"]
[EndTime "10:19:08 PDT"]
[Termination "Alexander_Moskalenko won on time"]

1. d4 d5 2. Bf4 c6 3. e3 Qb6 4.
Bd3 Qxb2 5. Nd2 Qc3 6. Ne2 Qa5 7. O-O Bg4 8. f3 Bh5 9. Rb1 b5 10. c4 dxc4 11. Bxc4 e6 12. Bb3 Nf6 13. Rc1 Ba3 14. Rc2 Bg6 15. e4 Nd5 16. exd5 Bxc2 17. Qxc2 cxd5 18. Bxb8 Rxb8 19. Qc6+ Ke7 20. Qc2 Rhc8 21.
Qd3 g6 22. f4 Bb4 23. Nf3 Bd6 24. Ne5 Qb4 25. Qh3 Bxe5 26. fxe5 Rf8 27. Qh4+ Ke8 28. Qg5 a5 29. h3 Rc8 30. Rc1 Rxc1+ 31. Qxc1 Kd7 32. Qc3 Qxc3 33. Nxc3 Kc6 34. a4 bxa4 35.
Bxa4+ Kc7 36. Kf2 f6 37. Ke3 fxe5 38. dxe5 Rf5 39. Kd4 Rf4+ 40. Kd3 Rb4 41. Bd1 h5 42.
g4 h4 43. g5 Kd7 44. Bf3 Ke7 45. Ne2 Rb3+ 46. Nc3 a4 47. Kc2 Rb4 48. Ne2 Rf4 0-1

[Event "*** Titled Tuesday Blitz"]
[Site "Chess.com"]
[Date "2021.04.27"]
[Round "2"]
[White "Alex-11211"]
[Black "FeketeBarika"]
[Result "0-1"]
[WhiteElo "2430"]
[BlackElo "2250"]
[TimeControl "180+1"]
[EndTime "10:19:08 PDT"]
[Termination "FeketeBarika won by resignation"]

1. e4 e6 2. Nc3 d5 3. Nf3 d4 4. Ne2 c5 5. c3 Nc6 6. cxd4 cxd4 7. Qa4 Bc5 8. b4 Bb6 9. b5 Nce7 10. Bb2 Bd7 11.
Bxd4 Nf6 12. Nc3 a6 13. Bxb6 Qxb6 14. Qb3 Rc8 15. bxa6 Qxb3 16. axb3 bxa6 17. Bxa6 Rb8 18. Bc4 O-O 19. Ne5 Nc6 20. Nxc6 Bxc6 21. f3 Nd7 22. d4 Rfc8 23. O-O Nb6 24. Rfd1 Be8 25. d5 Nxc4 26. bxc4 Rxc4 27. Ne2 exd5 28. Rxd5 Rc2 29. Nd4 Rd2 30. Nf5 Rxd5 31. Ne7+ Kf8 32. Nxd5 Bc6 33. Ne3 Rb3 34. Kf2 g6 35. Rc1 Bb5 36.
Nd5 Kg7 37. Kg3 Rb2 38. Rc7 h5 39. Ne3 Rb3 40. Kf4 g5+ 41. Kxg5 Rxe3 42. Kxh5 Bf1 43. Rc5 Kf6 44. Rf5+ Ke6 45. Rg5 Re2 46. g3 Bg2 47. f4 Bxe4 48. Re5+ Kf6 49. Kg4 Kg7 50. h4 f6 51. Re6 Bf3+ 52. Kf5 Bg4+ 53. Kxg4 Rxe6 0-1

[Event "*** Titled Tuesday Blitz"]
[Site "Chess.com"]
[Date "2021.04.27"]
[Round "2"]
[White "VerdeNotte"]
[Black "scandalgod"]
[Result "1-0"]
[WhiteElo "2898"]
[BlackElo "2583"]
[TimeControl "180+1"]
[EndTime "10:19:10 PDT"]
[Termination "VerdeNotte won by checkmate"]

1. Nf3 d5 2. b3 Bf5 3. Bb2 e6 4. d3 Nf6 5. Nbd2 c5 6. Nh4 Bg6 7.
Nxg6 hxg6 8. e4 Nc6 9. g3 Be7 10. Bg2 O-O 11. exd5 exd5 12. O-O Qd7 13. Re1 Rfe8 14.
Nf3 Bd6 15. d4 Ne4 16. dxc5 Bxc5 17. Nd4 Rad8 18. a3 a6 19. Re2 Ba7 20. h3 Qc7 21. Kh2 Qb6 22. Nxc6 bxc6 23. Qe1 Nd6 24. Rd1 Rxe2 25. Qxe2 Qxf2 26. Qxf2 Bxf2 27. c4 Nf5 28.
cxd5 Bxg3+ 29. Kg1 Ne3 30. Rd3 Nxg2 31. Kxg2 Bb8 32. Re3 cxd5 33. Bd4 Bd6 34. b4 Kf8 35. Rc3 f6 36. Rc6 Be5 37. Bc5+ Kg8 38. Rxa6 d4 39. Kf1 d3 40. Ke1 d2+ 41. Kd1 Bf4 42. Re6 Ra8 43. Be3 Be5 44. Kxd2 Rxa3 45. b5 Ra2+ 46. Kd3 Ra3+ 47.
Ke4 Rb3 48. b6 Kf7 49. Rc6 Ke7 50. Rc8 Kd7 51. Rg8 Rb4+ 52. Kd5 Rb3 53. Rxg7+ Kc8 54. Kc6 Rc3+ 55. Bc5 Kd8 56. Rg8# 1-0

[Event "*** Titled Tuesday Blitz"]
[Site "Chess.com"]
[Date "2021.04.27"]
[Round "2"]
[White "DFeco"]
[Black "Macron20hTF1"]
[Result "0-1"]
[WhiteElo "2274"]
[BlackElo "2483"]
[TimeControl "180+1"]
[EndTime "10:19:10 PDT"]
[Termination "Macron20hTF1 won on time"]

1. c4 g6 2. g3 Bg7 3. Bg2 f5 4. Nc3 Nf6 5. d3 d6 6. e4 Nc6 7.
Nge2 O-O 8. O-O e5 9. Nd5 h6 10. Rb1 g5 11. exf5 Bxf5 12. b4 Qd7 13. b5 Nd8 14. Ne3 Bh3 15. Nc3 Bxg2 16. Kxg2 Ne6 17.
Kg1 Nd4 18. f3 Rf7 19. Bb2 Raf8 20. Ne2 Qh3 21. Nxd4 exd4 22. Bxd4 Nd5 23. Nxd5 Bxd4+ 24. Kh1 Re8 25. Qd2 c6 26. bxc6 bxc6 27. Nb4 Be3 28. Qc2 Qd7 29. Rbe1 Rfe7 30. Qd1 Bc5 31. Nc2 d5 32.
Rxe7 Rxe7 33. d4 Bd6 34. c5 Bc7 35. Re1 Qe8 36. Rxe7 Qxe7 37. Qe1 Qf7 38. Qe2 Bd8 39. Qd3 Bf6 40. a4 Bg7 41. Qe3 Qf6 42. Kg2 h5 43. h3 a5 44. Qd3 Bf8 45. Ne3 Bg7 46. Nf5 Bf8 47. Ne3 Bg7 48. Nf5 Bf8 49. g4 h4 50.
Qe3 Kh7 0-1

[Event "*** Titled Tuesday Blitz"]
[Site "Chess.com"]
[Date "2021.04.27"]
[Round "2"]
[White "juancruzarias"]
[Black "kirillshevchenko"]
[Result "1-0"]
[WhiteElo "2583"]
[BlackElo "2840"]
[TimeControl "180+1"]
[EndTime "10:19:11 PDT"]
[Termination "juancruzarias won by checkmate"]

1. d4 d6 2. Nf3 Nf6 3. c3 g6 4. Bg5 Bg7 5. Nbd2 h6 6. Bh4 O-O 7. e3 b6 8. Bc4 Bb7 9. a4 a6 10. O-O Nbd7 11. Qb3 e6 12. h3 c5 13. Rfd1 d5 14. Be2 c4 15. Qa2 b5 16. b3 Qc8 17. Bg3 Nb6 18. bxc4 Nxa4 19. Rdc1 dxc4 20. Nxc4 Ne4 21. Nd6 Naxc3 22. Nxc8 Nxa2 23. Ne7+ Kh7 24. Rxa2 Nxg3 25. fxg3 Bf6 26. Rc7 Be4 27. Nd2 Bf5 28. g4 Rfe8 29. Nc6 Bg5 30. Kf2 e5 31. gxf5 exd4 32.
Rxf7+ Kg8 33. fxg6 dxe3+ 34. Kf3 exd2 35. Bd1 Re1 36. Ra1 Rc8 37. Bb3 Re3+ 38. Kg4 Rxb3 39. h4 Rxc6 40. hxg5 Rxg6 41. Rd7 Rxg5+ 42. Kh4 Rb4+ 43.
Kh3 Rb3+ 44. Kh4 Rxg2 45. Rxa6 Rf2 46. Ra8+ Rf8 47. Raa7 Rb4+ 48. Kh5 Rf5+ 49. Kg6 Rg5+ 50. Kxh6 Rf5 51. Rg7+ Kf8 52. Ra8# 1-0

[Event "*** Titled Tuesday Blitz"]
[Site "Chess.com"]
[Date "2021.04.27"]
[Round "2"]
[White "david_alex"]
[Black "PavelChernomordik"]
[Result "0-1"]
[WhiteElo "2096"]
[BlackElo "2382"]
[TimeControl "180+1"]
[EndTime "10:19:11 PDT"]
[Termination "PavelChernomordik won by checkmate"]

1. d4 g6 2. Nf3 Bg7 3. g3 d6 4. Bg2 Nf6 5. O-O O-O 6. b3 c6 7.
Bb2 a5 8. a4 Na6 9. Re1 Bf5 10.
Nfd2 Nb4 11. e4 Bg4 12. f3 Bd7 13. Nf1 b5 14. c3 Na6 15. axb5 cxb5 16. Ne3 Nc7 17.
Nd2 e5 18. f4 exf4 19. gxf4 Nh5 20. Rf1 b4 21. cxb4 axb4 22. Rxa8 Qxa8 23. Ndc4 Nb5 24. Nb6 Qd8 25. Nxd7 Qxd7 26. Nc4 Nc3 27. Qd3 Qa7 28. Bxc3 bxc3 29. e5 dxe5 30. fxe5 Rd8 31. Nd6 Bxe5 32. Nxf7 Rxd4 33. Qe3 Nf4 34. Nxe5 Nxg2 35.
Qf2 Nf4 36. Nc6 Nh3+ 37. Kg2 Nxf2 38. Nxa7 Ne4 39. Rc1 Rd2+ 40. Kf3 Ng5+ 41. Kf4 Ne6+ 42. Ke5 Re2+ 43. Kd5 Nf4+ 44. Kd4 c2 45. Nb5 Rxh2 46. Na3 Ne2+ 47. Kd3 Nxc1+ 48. Kc3 Na2+ 49. Kb2 c1=Q# 0-1

[Event "*** Titled Tuesday Blitz"]
[Site "Chess.com"]
[Date "2021.04.27"]
[Round "2"]
[White "Tactictic"]
[Black "Michaelson_11"]
[Result "0-1"]
[WhiteElo "2435"]
[BlackElo "2251"]
[TimeControl "180+1"]
[EndTime "10:19:14 PDT"]
[Termination "Michaelson_11 won by checkmate"]

1. e4 c5 2. Nf3 Nc6 3. d4 cxd4 4. Nxd4 g6 5. c4 Nf6 6. Nc3 d6 7. f3 Nxd4 8. Qxd4 Bg7 9. Be3 O-O 10. Qd2 Qa5 11.
Rc1 Be6 12. b3 Rfc8 13. Bd3 Rab8 14. Nd5 Qxd2+ 15. Kxd2 Nxd5 16. cxd5 Bd7 17. Rxc8+ Rxc8 18. Rc1 Rxc1 19. Kxc1 a6 20. Bb6 f5 21. exf5 gxf5 22. f4 Kf7 23. Kd2 h5 24. g3 e6 25. dxe6+ Kxe6 26. Ke3 Bc6 27. Bd4 Bh6 28. Bc4+ Bd5 29. Kd3 h4 30. Bf2 Bxc4+ 31. Kxc4 h3 32. Bd4 Bf8 33. Kb4 Kd5 34. Bf6 Ke4 35. Ka5 Kf3 36.
Kb6 Kg2 37. Kxb7 Kxh2 38. g4 Kg2 39. g5 h2 40. g6 h1=Q 41. g7 Bxg7 42. Bxg7 Qh7 43.
Kxa6 Qxg7 44. Kb5 Qb2 45. a4 Qxb3+ 46. Ka5 d5 47. Ka6 Qxa4+ 48. Kb6 d4 49. Kc7 d3 50.
Kd8 d2 51. Ke7 d1=Q 52. Kf6 Qd6+ 53. Kxf5 Qdxf4+ 54. Kg6 Qae4+ 55. Kg7 Qee5+ 56. Kg6 Qeg5+ 57. Kh7 Qfh4# 0-1

[Event "*** Titled Tuesday Blitz"]
[Site "Chess.com"]
[Date "2021.04.27"]
[Round "2"]
[White "moro182"]
[Black "WPWPWP-2015"]
[Result "1-0"]
[WhiteElo "2713"]
[BlackElo "2409"]
[TimeControl "180+1"]
[EndTime "10:19:15 PDT"]
[Termination "moro182 won by checkmate"]

1. d4 Nf6 2. c4 c6 3. Nc3 d5 4.
Nf3 e6 5. Bg5 h6 6. Bh4 dxc4 7. e4 g5 8. Bg3 b5 9. Be2 Bb7 10. Qc2 Nbd7 11. Rd1 g4 12. Ne5 Qb6 13.
Nxd7 Nxd7 14. Bxg4 h5 15. Bf3 h4 16. Bf4 O-O-O 17. b3 cxb3 18. Qxb3 Bh6 19. Bd6 Bf8 20.
Bf4 Bh6 21. Bxh6 Rxh6 22. e5 Nf8 23. Ne4 Qa5+ 24. Qc3 Qxc3+ 25. Nxc3 f5 26. exf6 Rxf6 27. Ne4 Rf4 28. Ke2 c5 29. Ke3 Rf7 30. dxc5 Bxe4 31. Bxe4 Nd7 32. c6 Nc5 33. Bf3 Rf5 34. Rxd8+ Kxd8 35. g4 Re5+ 36. Kd4 Rg5 37. Re1 Kc7 38. Re5 Rxe5 39. Kxe5 Nd3+ 40. Kxe6 Nxf2 41. g5 Nd3 42. g6 Nf4+ 43. Kf5 Nxg6 44. Kxg6 a5 45. Kg5 a4 46.
Kxh4 b4 47. Kg5 b3 48. Bd5 Kd6 49. c7 Kxc7 50. axb3 a3 51. b4 Kd6 52. Bg8 Kc6 53. h4 Kb5 54. h5 Kxb4 55. h6 Kc5 56. h7 Kd6 57. h8=Q Ke7 58. Qf6+ Ke8 59. Be6 a2 60. Qf7+ Kd8 61. Qd7# 1-0

[Event "*** Titled Tuesday Blitz"]
[Site "Chess.com"]
[Date "2021.04.27"]
[Round "2"]
[White "Korchmar_Vasiliy"]
[Black "RiskyDecision"]
[Result "0-1"]
[WhiteElo "2693"]
[BlackElo "2519"]
[TimeControl "180+1"]
[EndTime "10:19:17 PDT"]
[Termination "RiskyDecision won by checkmate"]

1. d4 f5 2. Nf3 Nf6 3. g3 g6 4.
Bg2 Bg7 5. O-O O-O 6. c4 d6 7.
Nc3 c6 8. b3 Qc7 9. Bb2 e5 10.
dxe5 dxe5 11. e4 Na6 12. Qe2 f4 13. Na4 Bg4 14. h3 Bxf3 15. Bxf3 fxg3 16. fxg3 Rad8 17. Rad1 Nd7 18. Ba3 Rfe8 19. Rd3 Bf8 20. c5 Ndxc5 21. Rxd8 Rxd8 22. Nxc5 Nxc5 23. Qc4+ Qf7 24. Be2 Qxc4 25.
Bxc4+ Kh8 26. Rxf8+ Rxf8 27. Bxc5 Rd8 28. Bxa7 Ra8 29. Bb6 Rxa2 30. Bc7 Kg7 31. Bxe5+ Kh6 32. Bf4+ g5 33. Be3 b5 34. Be6 Kg6 35. Bf5+ Kf6 36. Bd4+ Ke7 37. Bc5+ Kf6 38. Bd6 Rb2 39. b4 Rc2 40. g4 Rc4 41. Bc5 Ke5 42. Bf2 Kf4 43.
Bc5 Kf3 44. Kh2 Rc2+ 45. Kh1 Rc1+ 46. Bg1 Re1 47. h4 gxh4 48. Kh2 h6 49. Bc5 Kf4 50.
Bd4 Re2+ 51. Kh3 Rd2 52. Bc5 Rd1 53. Kxh4 Rh1# 0-1

[Event "*** Titled Tuesday Blitz"]
[Site "Chess.com"]
[Date "2021.04.27"]
[Round "2"]
[White "miragha_yev"]
[Black "Eliwood44"]
[Result "1-0"]
[WhiteElo "2729"]
[BlackElo "2509"]
[TimeControl "180+1"]
[EndTime "10:19:23 PDT"]
[Termination "miragha_yev won on time"]

1. e4 e5 2. Nf3 Nc6 3. Nc3 Nf6 4.
Bb5 Bb4 5. O-O O-O 6. d3 Bxc3 7. bxc3 d6 8. Re1 Qe7 9. h3 Nd8 10. d4 a6 11. Bd3 c5 12. a4 a5 13. Nd2 Ne6 14. d5 Nf4 15. Bf1 Nd7 16. Nc4 Ng6 17. Bd3 b6 18. Rb1 Rb8 19. Nxa5 bxa5 20. Rb3 Rxb3 21. cxb3 Nf4 22. Bf1 Qh4 23. Qf3 f5 24.
exf5 Rxf5 25. Qg3 Qxg3 26. fxg3 Ng6 27. Bd2 Bb7 28. c4 Rf8 29. Bxa5 Rc8 30. Bd3 Ne7 31. Bd2 Ba6 32. g4 g6 33. Bc2 Rb8 34. Bh6 Kf7 35.
Rf1+ Ke8 36. Rf3 Ng8 37. Bd2 Ndf6 38. g5 Nd7 39. g4 Ke7 40. h4 Rf8 41. Rxf8 Kxf8 42.
Bd3 Ke7 43. h5 Kf7 44. Kf2 Ne7 45. Ke3 Nc8 46. Bc3 Ne7 47. Be4 Nf8 48. Kd2 Nd7 49. Ba5 Nc8 50. Bc7 Nf8 51. Kc3 Ke8 52. Ba5 Kd7 53.
Kd2 Ne7 54. Ke3 Bc8 55. Bd2 Ke8 56. Kd3 Bxg4 57. a5 Bc8 58. h6 Kd7 59. Be3 Kc7 60. Bd2 Kb7 61. b4 cxb4 62. Bxb4 Ka6 63. Bxd6 1-0

[Event "*** Titled Tuesday Blitz"]
[Site "Chess.com"]
[Date "2021.04.27"]
[Round "2"]
[White "mary-sanna"]
[Black "JoliyRoger"]
[Result "0-1"]
[WhiteElo "2129"]
[BlackElo "2403"]
[TimeControl "180+1"]
[EndTime "10:19:23 PDT"]
[Termination "JoliyRoger won on time"]

1. d4 Nf6 2. Bf4 e6 3. e3 c5 4.
c3 Be7 5. Nf3 Nh5 6. Bg3 Nxg3 7.
hxg3 b6 8. Bd3 g6 9. Nbd2 Bb7 10. e4 d6 11. Qe2 a6 12. e5 cxd4 13. Nxd4 dxe5 14. Qxe5 Bf6 15. Qe3 h5 16. Be4 Bxe4 17.
Nxe4 Bxd4 18. cxd4 Nc6 19. Rd1 Nb4 20. O-O Nd5 21. Qf3 Kf8 22. Rc1 Kg7 23. a3 Rc8 24. Rxc8 Qxc8 25. Nd6 Qd7 26. Nc4 b5 27. Ne5 Qc7 28.
Re1 Rd8 29. g4 hxg4 30. Qxg4 Nf6 31. Qf4 Qd6 32. Rd1 Qd5 33. Ng4 Nxg4 34. Qxg4 Rd6 35. Qf4 Rd7 36. Qg4 e5 37. Rd3 exd4 38. Rh3 Qf5 39. Qh4 Qh5 40. Qe4 Qg5 41. Qd3 Qe5 42.
Qd2 Re7 43. Qh6+ Kf6 44. Qh8+ Ke6 45. Qc8+ Kd5 46. Qd8+ Qd6 47. Qa8+ Qc6 48. Qd8+ Rd7 49. Qg5+ Kd6 50. Qf4+ Kc5 51. Qe5+ Kb6 52. Qe8 Qd6 53.
Rh8 d3 54. Qe3+ Qd4 55. Rb8+ Ka7 0-1

[Event "*** Titled Tuesday Blitz"]
[Site "Chess.com"]
[Date "2021.04.27"]
[Round "2"]
[White "alexrustemov"]
[Black "Vaathi_Coming"]
[Result "1/2-1/2"]
[WhiteElo "2591"]
[BlackElo "2877"]
[TimeControl "180+1"]
[EndTime "10:19:24 PDT"]
[Termination "Game drawn by repetition"]

1. d4 c6 2. c4 Nf6 3. Nc3 d5 4. e3 g6 5. Nf3 Bg7 6. Bd3 O-O 7. O-O Bg4 8. h3 Bxf3 9. Qxf3 e6 10. Rd1 Nbd7 11.
Bd2 Ne8 12. b4 f5 13. a4 Ndf6 14. b5 Ne4 15. Be1 N8d6 16. bxc6 bxc6 17. Qe2 Re8 18. Qc2 Qg5 19. Ne2 Rac8 20. Rac1 Bh6 21. Qa2 Qh4 22. cxd5 cxd5 23. Rxc8 Rxc8 24. a5 Qd8 25. a6 Bf8 26.
Rb1 Rc6 27. Qa4 Qc8 28. f3 Nf6 29. Bh4 Nd7 30. Bg3 Nb6 31. Qb3 Ndc4 32. e4 Nd2 33.
Qb5 Nxb1 34. Bxb1 Qd7 35. Kh2 Rc8 36. Qd3 Bd6 37. exf5 exf5 38. Be5 Bxe5+ 39. dxe5 Qe7 40. f4 Qc5 41. Ba2 Qc2 42. Bxd5+ Kg7 43. Qf3 Qc5 44.
Bb7 Rc7 45. Ng3 Nc4 46. Qd3 Ne3 47. Qd8 Kh6 48. Qg5+ Kg7 49. Nh5+ Kg8 50. Nf6+ Kg7 51. Nh5+ Kf7 52. Qf6+ Kg8 53. Qd8+ Kf7 54. Qf6+ Kg8 55. Qd8+ Kf7 56. Qf6+ 1/2-1/2

[Event "*** Titled Tuesday Blitz"]
[Site "Chess.com"]
[Date "2021.04.27"]
[Round "2"]
[White "ShahMatKanal"]
[Black "Shahaliyev"]
[Result "1-0"]
[WhiteElo "2423"]
[BlackElo "2641"]
[TimeControl "180+1"]
[EndTime "10:19:24 PDT"]
[Termination "ShahMatKanal won by checkmate"]

1. d4 Nf6 2. Nf3 c5 3. e3 d5 4. b3 Nc6 5. Bb2 Bg4 6. h3 Bh5 7. Nbd2 e6 8. a3 Rc8 9. Bd3 a6 10. Qe2 Bd6 11. g4 Bg6 12. Ne5 Bxd3 13. Nxd3 cxd4 14.
exd4 Qb6 15. Qe3 O-O 16. O-O Rfe8 17. Rae1 Ne7 18. Rc1 Ng6 19. f4 e5 20. fxe5 Nxe5 21. Nxe5 Rxe5 22. Qf2 Rce8 23. Rce1 Rxe1 24. Rxe1 Ne4 25.
Nxe4 dxe4 26. Qg2 Qc6 27. c4 b5 28. d5 Bc5+ 29. Kh1 Qg6 30. b4 Bf8 31. c5 h5 32. d6 hxg4 33. Qxg4 Qh6 34. d7 Rd8 35. Rxe4 Qc6 36. Kh2 Rxd7 37. Re2 Rd3 38. Rg2 Qc7+ 39. Kh1 g6 40. Qe4 Rd1+ 41. Rg1 Rd2 42. Rg2 Rd1+ 43.
Rg1 Rxg1+ 44. Kxg1 Qg3+ 45. Qg2 Qe1+ 46. Kh2 Bh6 47.
Qf3 Qd2+ 48. Qg2 Bf4+ 49. Kg1 Qe1+ 50. Qf1 Qg3+ 51. Qg2 Be3+ 52. Kf1 Qf4+ 53. Ke2 Bd2 54. Qa8+ Kh7 55. Qh8# 1-0

[Event "*** Titled Tuesday Blitz"]
[Site "Chess.com"]
[Date "2021.04.27"]
[Round "2"]
[White "Yana_pro"]
[Black "ybruned"]
[Result "0-1"]
[WhiteElo "1973"]
[BlackElo "2355"]
[TimeControl "180+1"]
[EndTime "10:19:24 PDT"]
[Termination "ybruned won by checkmate"]

1. e4 b6 2. d4 Bb7 3. Nc3 e6 4. Bd3 Bb4 5. Bd2 f5 6. exf5 Bxg2 7. Qh5+ Kf8 8. fxe6 dxe6 9. Be4 Nf6 10. Qg5 Bxe4 11. Nxe4 Bxd2+ 12. Nxd2 Qxd4 13. O-O-O Nbd7 14. Ne2 Qd5 15. Qe3 Re8 16. Nb3 Qe5 17. Qd2 Kf7 18. f4 Qe4 19. Rhe1 Re7 20. Ned4 Qb7 21. f5 e5 22. Ne6 Nf8 23. Rg1 Nxe6 24. fxe6+ Rxe6 25. Qg5 Rg8 26.
h4 Qc8 27. Rdf1 Qe8 28. Qh5+ g6 29. Qxh7+ Rg7 30. Qh6 Qe7 31. Qg5 Ke8 32. Rg2 Ne4 33.
Qe3 Nd6 34. Rgf2 Kd7 35. Qd3 e4 36. Qa6 e3 37. Re2 Re5 38. Rfe1 g5 39. Qxa7 gxh4 40. Qa6 h3 41. Qd3 Rg2 42. Nd4 Rxe2 43. Nxe2 h2 44.
Qg6 Qe6 45. Qh7+ Qe7 46. Qxh2 Qe6 47. Qh1 Kc8 48. Qh8+ Qe8 49. Kb1 Qxh8 50. Nc3 Rh5 51. Nd1 Rh1 52. a4 Rxe1 53. Ka2 Rxd1 54. a5 Qh1 55.
Kb3 Qd5+ 56. Ka3 Qxa5+ 57. Kb3 Qb5+ 58. Kc3 e2 59. b3 Qe5+ 60. Kb4 Qc5+ 61. Ka4 Ra1# 0-1

[Event "*** Titled Tuesday Blitz"]
[Site "Chess.com"]
[Date "2021.04.27"]
[Round "2"]
[White "CM_rui"]
[Black "Buffy7"]
[Result "1-0"]
[WhiteElo "2522"]
[BlackElo "2700"]
[TimeControl "180+1"]
[EndTime "10:19:25 PDT"]
[Termination "CM_rui won by checkmate"]

1. e4 c5 2. Nf3 e6 3. c4 Nc6 4. d4 cxd4 5. Nxd4 Nf6 6. Nc3 Bb4 7. Nxc6 bxc6 8. Bd3 e5 9. O-O O-O 10. Qc2 d6 11. Na4 Ba5 12. a3 Bc7 13. Bg5 h6 14. Bh4 g5 15. Bg3 Nh5 16. Rad1 Qe7 17. Be2 Ng7 18. c5 Ne6 19. cxd6 Bxd6 20. Qxc6 Bd7 21. Qxd6 Qxd6 22. Rxd6 Bxa4 23. Bxe5 Rac8 24. Bg4 Bb3 25. h3 a5 26. f4 gxf4 27. Bxf4 Kg7 28. Be5+ Kg8 29.
Rf6 Rc5 30. Bc3 Rfc8 31. Rxh6 Rxc3 32. bxc3 Rxc3 33. Bf5 a4 34. Rh7 Rc1+ 35. Kh2 Rc8 36. Ra6 Re8 37. Ra7 Nd4 38. Rh5 Nxf5 39. exf5 Kg7 40.
Ra6 Re2 41. Rg5+ Kf8 42. f6 Ke8 43. Ra8+ Kd7 44. Ra7+ Kd6 45. Ra6+ Kd7 46. Rb5 Rc2 47.
Rb7+ Kc8 48. Re7 Bd5 49. Kg3 Rxg2+ 50. Kf4 Rc2 51. Rd6 Rc4+ 52. Ke5 Bc6 53. Rd4 Rc5+ 54. Kd6 Rc1 55. Rb4 Ba8 56. Rxf7 Rd1+ 57. Kc5 Rc1+ 58. Kb6 Rc6+ 59. Kb5 Rc7 60. Rxc7+ Kxc7 61. f7 Bc6+ 62. Kc5 Be8 63. f8=Q Bf7 64. Qd6+ Kc8 65. Rb8# 1-0

[Event "*** Titled Tuesday Blitz"]
[Site "Chess.com"]
[Date "2021.04.27"]
[Round "2"]
[White "Piccadilly123"]
[Black "dbrankovic68"]
[Result "1/2-1/2"]
[WhiteElo "2269"]
[BlackElo "2456"]
[TimeControl "180+1"]
[EndTime "10:19:25 PDT"]
[Termination "Game drawn - insufficient material"]

1. e4 c5 2. c3 d6 3. d4 Nf6 4. Bd3 Nc6 5. Nf3 cxd4 6. cxd4 g6 7. O-O Bg7 8. Nc3 Bg4 9. Be3 O-O 10. h3 Bxf3 11.
Qxf3 e5 12. dxe5 dxe5 13. Rfd1 Nd4 14. Bxd4 Qxd4 15. Bf1 Qb4 16. Nd5 Nxd5 17. exd5 Qxb2 18. Rab1 Qxa2 19. Rxb7 a5 20. Rc7 Qa4 21. Bc4 e4 22. Qb3 Qxb3 23. Bxb3 a4 24. Ba2 Be5 25. Re7 Rfe8 26.
d6 Rxe7 27. dxe7 Bf6 28. Rd7 Re8 29. Ra7 Rxe7 30. Rxa4 Kg7 31. g3 e3 32. fxe3 Rxe3 33.
Kf2 Re7 34. h4 Be5 35. Kf3 h5 36. Ra6 Rc7 37. Ra3 Bd6 38. Rd3 Be5 39. Ra3 Rb7 40. Bd5 Rb5 41. Bc4 Rb4 42. Bd5 Rd4 43. Ba2 Rd7 44. Bc4 Bb2 45. Rd3 Rc7 46. Bb3 f5 47.
Be6 Kf6 48. Bb3 Be5 49. Ba4 Ra7 50. Bb3 Rb7 51. Bc4 Rb4 52. Bd5 f4 53. g4 hxg4+ 54.
Kxg4 Rb1 55. Be4 Rg1+ 56. Kh3 Rh1+ 57. Kg2 Rxh4 58. Rb3 Rg4+ 59. Kf2 Kg5 60. Ra3 Kh4 61. Ra6 Kh5 62. Bf3 Kg5 63. Bxg4 Kxg4 64. Rxg6+ Kf5 65.
Rg2 Bd6 66. Kf3 Be5 67. Rg4 Bd6 68. Rxf4+ Bxf4 1/2-1/2